 Dungeon Crawl Stone Soup version 0.28-a0-101-g18048e5a82 (webtiles) character file.

Game seed: 2279980373620292385

1 flotson the Sneak (level 1, 0/18 HPs)
             Began as a Demonspawn Delver on Aug 10, 2021.
             Slain by a centaur (3 damage)
             ... on level 5 of the Dungeon.
             The game lasted 00:00:43 (110 turns).

flotson the Sneak (Demonspawn Delver)                Turns: 110, Time: 00:00:43

Health: 0/18       AC:  3    Str: 12    XL:     1   Next: 16%
Magic:  1/1        EV: 11    Int: 11    God:
Gold:   0          SH:  0    Dex: 14    Spells: 0/0 levels left

rFire   . . .      SeeInvis .   a - +0 hand axe
rCold   . . .      Faith    .   (no shield)
rNeg    . . .      Spirit   .   b - +0 leather armour
rPois   .          Reflect  .   (no helmet)
rElec   .          Harm     .   (no cloak)
rCorr   .          Rampage  .   (no gloves)
Will    .....                   (no boots)
Stlth   ++........              (no amulet)
HPRegen 0.06/turn               (no ring)
MPRegen 0.07/turn               (no ring)

@: hasted, very quick
A: no striking features
a: no special abilities


You were on level 5 of the Dungeon.
You visited 2 branches of the dungeon, and saw 2 of its levels.

Inventory:

Hand Weapons
 a - a +0 hand axe (weapon)
Armour
 b - a +0 leather armour (worn)
Wands
 g - a wand of digging (3)
Scrolls
 d - a scroll of magic mapping
 e - a scroll of fear


   Skills:
 + Level 3.0 Fighting
 + Level 1.8 Axes
 + Level 0.0 Armour
 + Level 1.8 Dodging
 - Level 4.5 Stealth


You couldn't memorise any spells.
You didn't know any spells.
Your spell library was empty.

Dungeon Overview and Level Annotations

Branches:
Dungeon (5/15)             Temple (1/1) D:5

Altars:
Cheibriados
Elyvilon
Fedhas
Gozag
Kikubaaqudgha
Okawaru
Sif Muna
Uskayaw
Vehumet
Yredelemnul
Zin


Message History

No target in view!
No target in view!
No target in view!
Found a staircase to the Ecumenical Temple.
You hear the slow hiss of a very distant avalanche of sand.
A centaur comes into view.
There is a staircase to the Ecumenical Temple here.
You climb downwards.
Welcome to the Ecumenical Temple!
There is a staircase back to the Dungeon here.
There is a dry fountain here.
Found three altars.
Found five altars.
Found three altars.
There is an opulent altar of Gozag here.
You kneel at the altar of Gozag.
Gozag does not accept service from beggars like you!
The service fee for joining is currently 3 gold; you have none.
There is a staircase back to the Dungeon here.
You climb upwards.
You hear the hiss of flowing sand.
There is an entrance to an ossuary on this level.
Hurry and find it before the portal is buried!
You hear the slow hiss of a distant avalanche of sand.
The centaur shouts!
The centaur wields a +0 shortbow.
The centaur shoots an arrow.
The arrow closely misses you.
The centaur shoots an arrow.
The arrow hits you.
There is a staircase to the Ecumenical Temple here.
As you read the scroll of fog, it crumbles to dust.
The scroll dissolves into smoke.
Unknown command.
You feel yourself speed up.
The centaur shoots an arrow.
The arrow hits you.
The centaur unwields a +0 shortbow.
The centaur closely misses you. The centaur kicks you.
You closely miss the centaur. The centaur hits you.
The centaur barely misses you.
You closely miss the centaur. The centaur hits you.
* * * LOW HITPOINT WARNING * * *
The centaur barely misses you.
You closely miss the centaur. The centaur hits you.
You die...

#.. .. #... ..# ..c
..# #... ...###
#..§# #§....
#..#c#§#..#
#.#§#@#§#.#
#..#§§§#..#
##.#.#§#§#.#
#...#§#§#..# ..
#..§.#.#...#....
####...............
.....###.....+.....
##......#### ....
###.#.## ...


You could see a centaur.

Vanquished Creatures
  A quokka (D:5)
1 creature vanquished.

Notes
Turn   | Place    | Note
-------+----------+-------------------------------------------
     0 | D:5      | flotson the Demonspawn Delver began the quest for the Orb.
     0 | D:5      | Reached XP level 1. HP: 18/18 MP: 1/1
    48 | D:5      | Found a staircase to the Ecumenical Temple.
    52 | D:5      | Noticed a centaur
    54 | Temple   | Entered the Ecumenical Temple
   110 | D:5      | Slain by a centaur

Illustrated notes

Levels and vault maps discovered:
D:5:      layout_loops_corners, nzn_hepliaklqana_mist_gate,
          minmay_temple_entry_grid, nicolae_ossuary_entry_false_entrances,
          serial_shops, kennysheep_mini
Temple:   minmay_temple_bridge_abc

Action                   || total
-------------------------++-------
Melee: Hand axe          ||     4
  Use: Scroll            ||     1
       Potion            ||     1
 Stab: Sleeping          ||     1
Dodge: Dodged            ||     4

Table legend: (Time is in decaauts)
 A = Elapsed time spent in this place.
 B = Non-inter-level travel time spent in this place.
 C = Inter-level travel time spent in this place.
 D = Time resting spent in this place.
 E = Time spent auto-exploring this place.
 F = Levels seen in this place.
 G = Mean time per level.
                   A        B        C        D        E       F      G
               +--------+--------+--------+--------+--------+-----+--------+
         Total |    109 |     90 |     19 |      0 |     66 |   2 |   54.5 |
       Dungeon |     60 |     60 |      0 |      0 |     44 |   1 |   60.0 |
        Temple |     48 |     29 |     19 |      0 |     22 |   1 |   48.0 |
               +--------+--------+--------+--------+--------+-----+--------+

Top non-repeatable levels by time:
     D:5: 60 daAuts
  Temple: 48 daAuts
